 Dungeon Crawl Stone Soup version 0.26.1-16-g4e020e15dc (webtiles) character file.

Game seed: 6637532858487453002

2904 Froggeryz the Basher (level 9, -4/77 HPs)
             Began as a Demigod Gladiator on Mar 18, 2023.
             Slain by a two-headed ogre
             ... wielding a +0 giant club
              (26 damage)
             ... on level 8 of the Dungeon.
             The game lasted 00:08:49 (10970 turns).

Froggeryz the Basher (Demigod Gladiator)           Turns: 10970, Time: 00:08:50

Health: -4/77      AC:  7    Str: 21    XL:     9   Next: 25%
Magic:  11/11      EV: 15    Int: 14    God:
Gold:   559        SH:  0    Dex: 17    Spells: 8/8 levels left

rFire    + . .     SeeInvis .   a - +0 flail
rCold    . . .     Faith    .   (no shield)
rNeg     . . .     Spirit   .   o - +0 steam dragon scales
rPois    +         Reflect  .   c - +0 helmet
rElec    .         Harm     .   (no cloak)
rCorr    .         Rampage  .   (no gloves)
Will     .....                  (no boots)
Stlth    +.........             (no amulet)
HPRegen  0.22/turn              f - ring of poison resistance
MPRegen  0.12/turn              j - ring of protection from fire

@: no status effects
A: hooves 1, repulsion field 1, high mp 1
a: no special abilities


You were on level 8 of the Dungeon.
You visited 1 branch of the dungeon, and saw 8 of its levels.

You collected 559 gold pieces.

Inventory:

Hand Weapons
 a - a +0 flail (weapon)
 x - a +0 dagger of venom
 B - a +1 morningstar
Missiles
 w - 5 boomerangs
 y - 30 poisoned darts (quivered)
Armour
 c - a +0 helmet (worn)
 o - +0 steam dragon scales (worn)
Jewellery
 f - a ring of poison resistance (left hand)
 j - a ring of protection from fire (right hand)
 q - an uncursed ring of ice
Wands
 g - a wand of flame (28)
 k - a wand of acid (7)
 z - a wand of paralysis (6)
Scrolls
 b - a scroll of fog {unknown}
 h - 6 scrolls of teleportation
 i - 9 scrolls of remove curse {unknown}
 n - 3 scrolls of amnesia {unknown}
 p - 8 scrolls of identify {unknown}
 s - 3 scrolls of fear {unknown}
 t - a scroll of immolation {unknown}
 u - 3 scrolls of enchant weapon {unknown}
 v - 3 scrolls of random uselessness {unknown}
Potions
 d - a potion of cancellation {unknown}
 e - 2 potions of attraction
 l - 3 potions of lignification
 m - 10 potions of curing
 r - a potion of ambrosia


   Skills:
 + Level 6.3 Fighting
 * Level 9.2 Maces & Flails
 - Level 1.7 Throwing
 - Level 5.4 Armour
 - Level 2.6 Dodging


You had 8 spell levels left.
You didn't know any spells.
Your spell library contained the following spells:

 Spells                   Type           Power        Failure   Level
 Foxfire                  Conj/Fire      0%           28%         1
 Shock                    Conj/Air       0%           28%         1
 Swiftness                Air            0%           41%         2
 Conjure Flame            Conj/Fire      0%           65%         3
 Inner Flame              Hex/Fire       0%           65%         3
 Static Discharge         Conj/Air       0%           65%         3
 Airstrike                Air            0%           96%         4
 Leda's Liquefaction      Hex/Erth       0%           96%         4
 Sticky Flame             Conj/Fire      0%           96%         4
 Bolt of Magma            Conj/Fire/Erth 0%           100%        5
 Fireball                 Conj/Fire      0%           100%        5
 Lightning Bolt           Conj/Air       0%           100%        5
 Iron Shot                Conj/Erth      0%           100%        6
 Statue Form              Tmut/Erth      0%           100%        6
 Shatter                  Erth           0%           100%        9


Dungeon Overview and Level Annotations

Branches:
Dungeon (8/15)             Temple (0/1) D:4
   Lair: D:8-11


Innate Abilities, Weirdness & Mutations

You have an increased reservoir of magic. (+10% MP)
You have large cloven feet.
You are surrounded by a mild repulsion field. (EV +2)


Message History

Press: ? - help, Q - select action, (/) - cycle Shift-Dir - straight line, f/p - two-headed ogre
Aim: a two-headed ogre, wielding two +0 giant clubs (severely wounded, poisoned, 77% to hit)
You throw a poisoned dart.
The poisoned dart barely misses the two-headed ogre.
The two-headed ogre closely misses you. x2
You barely miss the two-headed ogre. You kick the two-headed ogre.
The two-headed ogre is severely wounded.
The two-headed ogre hits you with a +0 giant club! x2
You thump the two-headed ogre!
You kick the two-headed ogre, but do no damage.
The two-headed ogre is almost dead.
You hit the two-headed ogre.
The two-headed ogre is almost dead.
The two-headed ogre hits you with a +0 giant club!
* * * LOW HITPOINT WARNING * * *
The two-headed ogre completely misses you.
You hit the two-headed ogre but do no damage.
The two-headed ogre is almost dead.
The two-headed ogre hits you with a +0 giant club!!
You die...

#.....+ #.....
#....#
+....###+####
#....##.....#
#....##.....#
######....#......#
....##....##....@#
..........##....O#
....####'###.....#
....##....##.....#
.....#.....#.....#
.....#.....#.....#
.....#....##.....#
....##'#####....(#
######....##.....#


You could see a two-headed ogre (poisoned).

Vanquished Creatures
  An ugly thing (D:7)
  Maggie (D:6)
  A black bear (D:7)
  An ice beast (D:8)
  An ogre (D:5)
  An orc warrior (D:7)
  2 phantoms
  2 centaurs (D:8)
  3 bullfrogs
  A scorpion (D:4)
  7 wights
  2 howler monkeys
  A hound (D:6)
  2 jellies
  2 orc priests
  3 centaur skeletons
  An iguana (D:6)
  5 orc wizards
  5 worker ants
  2 hound zombies
  A worker ant zombie (D:8)
  6 gnolls
  2 howler monkey skeletons
  8 adders
  3 white imps
  3 ufetubi
  An ooze (D:3)
  An adder skeleton (D:8)
  4 worms
  3 dart slugs
  8 leopard geckos
  38 orcs
  4 giant cockroaches
  8 goblins
  11 hobgoblins
  6 jackals
  8 kobolds
  5 quokkas
  5 ball pythons
  7 bats
  7 frilled lizards
  A leopard gecko skeleton (D:6)
  10 rats
194 creatures vanquished.

Notes
Turn   | Place    | Note
-------+----------+-------------------------------------------
     0 | D:1      | Froggeryz the Demigod Gladiator began the quest for the
                  | Orb.
     0 | D:1      | Reached XP level 1. HP: 17/17 MP: 3/3
   395 | D:1      | Reached skill level 3 in Maces & Flails
   557 | D:1      | Reached XP level 2. HP: 21/24 MP: 4/4
  1295 | D:2      | Reached skill level 1 in Armour
  1324 | D:2      | Reached XP level 3. HP: 29/29 MP: 5/5
  1614 | D:2      | Reached skill level 4 in Maces & Flails
  1614 | D:2      | Reached XP level 4. HP: 26/37 MP: 6/6
  2592 | D:3      | Found a glowing golden altar of the Shining One.
  2940 | D:3      | Reached XP level 5. HP: 11/44 MP: 7/7
  3220 | D:3      | Found a sparkling altar of Nemelex Xobeh.
  3369 | D:3      | Found a radiant altar of Vehumet.
  3858 | D:4      | Reached XP level 6. HP: 31/51 MP: 8/8
  4143 | D:4      | Reached skill level 5 in Maces & Flails
  4208 | D:4      | Found a staircase to the Ecumenical Temple.
  4290 | D:4      | Found a blossoming altar of Fedhas.
  5136 | D:5      | Entered Level 5 of the Dungeon
  5518 | D:5      | Found a hazy altar of Hepliaklqana.
  5567 | D:5      | Reached XP level 7. HP: 35/59 MP: 9/9
  5766 | D:5      | Found an iron altar of Okawaru.
  5826 | D:5      | Reached skill level 6 in Maces & Flails
  6631 | D:6      | Noticed Maggie
  6642 | D:6      | Gained mutation: You have large cloven feet. [potion of
                  | mutation]
  6642 | D:6      | Gained mutation: You are surrounded by a mild repulsion
                  | field. (EV +2) [potion of mutation]
  6666 | D:6      | Killed Maggie
  7217 | D:6      | Reached XP level 8. HP: 61/67 MP: 10/10
  7223 | D:6      | Reached skill level 7 in Maces & Flails
  7860 | D:7      | Reached skill level 5 in Fighting
  8431 | D:7      | Noticed a white ugly thing
  8768 | D:7      | Reached skill level 8 in Maces & Flails
  8768 | D:7      | Reached skill level 5 in Armour
  9227 | D:7      | Found a shadowy altar of Dithmenos.
  9275 | D:7      | Killed a white ugly thing
  9654 | D:7      | Reached XP level 9. HP: 50/75 MP: 11/11
  9916 | D:7      | Found a broken altar of Ashenzari.
  9916 | D:7      | Found a shimmering blue altar of Sif Muna.
 10451 | D:8      | Found a hide-covered altar of Uskayaw.
 10521 | D:8      | Reached skill level 9 in Maces & Flails
 10929 | D:8      | Noticed a two-headed ogre
 10970 | D:8      | Slain by a two-headed ogre

Illustrated notes

Levels and vault maps discovered:
D:1:      lemuel_arrival_cross, layout_loops_corners, lemuel_old_faithful
D:2:      layout_basic
D:3:      layout_loops_ring, nemelex_xobeh_ov_fountains_minmay,
          overflow_temple_1_default, lemuel_round_altar,
          kennysheep_pointless_box
D:4:      layout_basic, minmay_temple_entry_statues, fedhas_altar_2
D:5:      layout_loops_ring, nicolae_overflow_crystal_walls,
          okawaru_ov_weapons_minmay
D:6:      layout_basic, hex_intersection, uniq_maggie
D:7:      kennysheep_big_flooded_room, layout_cave_pools, lemuel_round_altar,
          gammafunk_temple_overflow_elements, minmay_statues_item
D:8:      layout_gridville, lemuel_round_altar

Skill      XL: |  1  2  3  4  5  6  7  8  9 |
---------------+----------------------------+-----
Fighting       | 2 3 4 5 6 |  6.3
Maces & Flails | 3 4 5 6 8 9 |  9.2
Armour         | 1 2 3 4 5 |  5.4
Throwing       | |  1.7
Dodging        | |  2.6

Action                   |  1- 3 |  4- 6 |  7- 9 || total
-------------------------+-------+-------+-------++-------
Melee: Flail             |    24 |     7 |   353 ||   384
       Short sword       |    86 |   228 |       ||   314
       Dagger            |       |    54 |    19 ||    73
       Morningstar       |       |     9 |       ||     9
       Kick              |       |       |    86 ||    86
Throw: Dart              |       |       |    17 ||    17
       Throwing net      |       |       |     3 ||     3
       Boomerang         |       |       |     2 ||     2
  Use: Potion            |       |     1 |     7 ||     8
       Scroll            |       |       |     2 ||     2
 Stab: Held in net/web   |       |       |     3 ||     3
       Sleeping          |       |       |     2 ||     2
Armor: Leather armour    |    12 |       |       ||    12
       Ring mail         |    22 |    22 |       ||    44
       Scale mail        |       |    77 |    47 ||   124
       Skin              |       |    29 |     3 ||    32
       Steam dragon scal |       |       |    77 ||    77
Dodge: Dodged            |    73 |   184 |   315 ||   572
